 Dungeon Crawl Stone Soup version 0.32-a0-450-g080537f31e (webtiles) character file.

Game seed: 3355424788064404315

42 horus123 the Digger (level 3, 0/26 HPs)
             Began as a Mountain Dwarf Earth Elementalist on Feb 23, 2024.
             Slain by a black bear (3 damage)
             ... on level 2 of the Dungeon.
             The game lasted 00:03:14 (1582 turns).

horus123 the Digger (MDEE)                          Turns: 1582, Time: 00:03:14

Health: 0/26       AC:  5    Str: 10    XL:     3   Next: 35%
Magic:  7/7        EV: 11    Int: 17    God:
Gold:   54         SH:  0    Dex: 10    Spells: 4/8 levels left

rFire   . . .        c - +0 club
rCold   . . .        (no shield)
rNeg    . . .        h - +0 leather armour
rPois   .            (no helmet)
rElec   .            a - +0 cloak
rCorr   .            j - +0 pair of gloves
SInv    .            (no boots)
Will    .....        (no amulet)
Stlth   +            (no ring)
HPRegen 0.24/turn    (no ring)
MPRegen 0.10/turn

%: no passive effects
@: no status effects
A: runic magic, artefact enchanting
a: no special abilities


You were on level 2 of the Dungeon.
You visited 1 branch of the dungeon, and saw 2 of its levels.

You collected 54 gold pieces.

Inventory:

Hand Weapons
 c - a +0 club (weapon)
Armour
 a - a +0 cloak (worn)
 h - a +0 leather armour (worn)
 j - a +0 pair of gloves (worn)
Scrolls
 d - 2 scrolls of identify {unknown}
 e - a scroll of immolation {unknown}
 f - a scroll of revelation {unknown}
Potions
 g - a potion of haste {unknown}
 i - a potion of enlightenment {unknown}


   Skills:
 - Level 1.3 Dodging
 - Level 1.4 Stealth
 + Level 3.2 Spellcasting
 - Level 0.8 Conjurations
 - Level 3.2 Earth Magic


You had 4 spell levels left.
You knew the following spells:

 Your Spells              Type           Power      Damage    Failure   Level
a - Sandblast             Erth           26%        2d8       4%          1
b - Stone Arrow           Conj/Erth      18%        3d8       24%         3

Your spell library contained the following spells:

 Spells                   Type           Power      Damage    Failure   Level
 Passwall                 Erth           13%        N/A       14%         3
 Freeze                   Ice            8%         1d3       19%         1
 Hailstorm                Conj/Ice       4%         3d5       43%         3
 Frozen Ramparts          Ice            4%         1d1       50%         3
 Brom's Barrelling Bould  Conj/Erth      9%         2d3       61%         4
 Petrify                  Alch/Erth      8%         N/A       67%         4


Dungeon Overview and Level Annotations

Branches:
Dungeon (2/15)

Altars:

Shops:
D:1 !((*?


Innate Abilities, Weirdness & Mutations

Your spellcasting is much less encumbered by armour.
You can use scrolls of enchantment on lesser artefacts.


Message History

Aim: a black bear (heavily wounded, 87% to hit)
The blast of sand hits the black bear but does no damage.
The black bear is heavily wounded.
The frilled lizard bites you but does no damage.
The black bear closely misses you.
The black bear claws you but does no damage.
The black bear closely misses you.
Aiming: Sandblast (safe; 4% risk of failure)
Press: ? - help, Q - select action Shift-Dir - straight line, f/p - black bear
Aim: a black bear (heavily wounded, 87% to hit)
The blast of sand hits the black bear.
The black bear is heavily wounded.
The frilled lizard closely misses you. The black bear bites you.
The black bear closely misses you. x2
The frilled lizard bites you but does no damage.
The black bear bites you but does no damage.
The black bear closely misses you. The black bear claws you.
The frilled lizard attacks as it pursues you!
The frilled lizard barely misses you.
The black bear attacks as it pursues you!
The black bear bites you but does no damage.
The black bear claws you but does no damage.
The black bear claws you.
The black bear attacks as it pursues you!
The black bear closely misses you. The black bear barely misses you.
The black bear claws you.
The black bear attacks as it pursues you!
The black bear bites you but does no damage.
The black bear claws you but does no damage. x2
The black bear attacks as it pursues you!
The black bear bites you.
* * * LOW HITPOINT WARNING * * *
The black bear claws you.
* * * LOW HITPOINT WARNING * * *
The black bear claws you.
* * * LOW HITPOINT WARNING * * *
Magic courses through your body.
The endoplasm jiggles.
The black bear bites you.
You die...

...........#
.........†.# #
...........######.#
............##...
.............#.###
.....?#####......#
...#.. ##..Jl(#
...... #.##h.#
..... #..##.@####
....#. #..###.....#
....#. #.# #.###.#
....#. #.
#....)########## #.
#...............
....#####.########
##### #.## #..##
####..######


You could see a black bear, an endoplasm and a frilled lizard.

Vanquished Creatures
  3 endoplasms (D:1)
  A giant cockroach (D:1)
  4 goblins (D:1)
  A hobgoblin (D:1)
  10 jackals (D:1)
  7 kobolds
  2 quokkas (D:1)
  A ball python (D:2)
  2 bats (D:1)
  A frilled lizard (D:1)
  5 rats (D:1)
37 creatures vanquished.

Notes
Turn   | Place    | Note
-------+----------+-------------------------------------------
     0 | D:1      | horus123 the Mountain Dwarf Earth Elementalist began the
                  | quest for the Orb.
     0 | D:1      | Reached XP level 1. HP: 14/14 MP: 3/3
   112 | D:1      | Reached XP level 2. HP: 20/20 MP: 0/5
   401 | D:1      | Found Qimi Rus's Magic Scroll Boutique.
   457 | D:1      | Found Melet's Antique Weapon Emporium.
   558 | D:1      | Found Ladghocs's Weapon Shop.
   718 | D:1      | Found Rakel's Distillery.
   776 | D:1      | Reached XP level 3. HP: 26/26 MP: 4/7
  1093 | D:1      | Found Ixuceadd's Assorted Antiques.
  1200 | D:1      | Learned a level 3 spell: Stone Arrow
  1564 | D:2      | Noticed a black bear
  1582 | D:2      | Slain by a black bear

Illustrated notes

Levels and vault maps discovered:
D:1:      tarquinn_simple_flora_water_f, layout_basic, serial_shops,
          nicolae_shop_industrial_runoff, shop, shop,
          nicolae_shop_back_alley_shop, shop, minmay_small_reverse_x
D:2:      layout_rooms, eino_tiny_chamber

Skill      XL: |  1  2 |
---------------+-------+-----
Spellcasting   | 2 3 |  3.2
Dodging        | |  1.3
Stealth        | |  1.4
Conjurations   | |  0.8
Earth Magic    | |  3.2

Action                     || total
---------------------------++-------
  Melee: Unarmed           ||     4
         Club              ||     2
   Cast: Sandblast         ||    56
    Use: Potion            ||     1
 Armour: Robe              ||    30
         Leather armour    ||    23
  Dodge: Dodged            ||    52

Table legend: (Time is in decaauts)
 A = Elapsed time spent in this place.
 B = Non-inter-level travel time spent in this place.
 C = Inter-level travel time spent in this place.
 D = Time resting spent in this place.
 E = Time spent auto-exploring this place.
 F = Levels seen in this place.
 G = Mean time per level.
                   A        B        C        D        E       F      G
               +--------+--------+--------+--------+--------+-----+--------+
         Total |   1611 |   1482 |    129 |    477 |    730 |   2 |  805.5 |
       Dungeon |   1611 |   1482 |    129 |    477 |    730 |   2 |  805.5 |
               +--------+--------+--------+--------+--------+-----+--------+

Top non-repeatable levels by time:
     D:1: 1542 daAuts
     D:2: 68 daAuts
